 Dungeon Crawl Stone Soup version 0.22.0-25-g7663229 (webtiles) character file.

174561 glosham the Warrior (level 17, -1/199 (200) HPs)
             Began as an Ogre Air Elementalist on Aug 19, 2018.
             Was the Champion of Makhleb.
             Shot with an arrow by a deep elf archer (14 damage)
             ... on level 1 of the Elven Halls on Aug 20, 2018.
             The game lasted 07:47:41 (35354 turns).

glosham the Warrior (Ogre Air Elementalist)        Turns: 35354, Time: 07:47:42

HP:   -1/199 (200)  AC: 12    Str: 24    XL:     17   Next: 79%
MP:   26/26         EV: 15    Int: 16    God:    Makhleb [******]
Gold: 127           SH:  0    Dex: 10    Spells: 16/20 levels left

rFire    . . .     SeeInvis +   a - +8 lajatang (speed)
rCold    . . .     Gourm    .   (shield currently unavailable)
rNeg     . . .     Faith    .   X - +0 robe of Valour {MR+++ SInv Stlth-}
rPois    .         Spirit   .   W - +2 hat
rElec    .         Reflect  .   Y - +2 cloak
rCorr    .         Harm     .   (gloves unavailable)
MR       ++++.                  (boots unavailable)
Stlth    +.........             z - amulet of rage
HPRegen  0.43/turn              A - +4 ring of strength
MPRegen  0.20/turn              B - +4 ring of protection

@: about to teleport
A: large, unfitting armour, tough skin 1
}: 1/15 runes: decaying
a: Minor Destruction, Lesser Servant of Makhleb, Major Destruction, Greater
Servant of Makhleb, Renounce Religion, Evoke Berserk Rage


You were on level 1 of the Elven Halls.
You worshipped Makhleb.
Makhleb was exalted by your worship.
You were not hungry.

You visited 6 branches of the dungeon, and saw 29 of its levels.
You also visited: Labyrinth.

You collected 2294 gold pieces.
You spent 2167 gold pieces at shops.

Inventory:

Hand Weapons
 a - a +8 lajatang of speed (weapon)
 b - a +0 blowgun
Missiles
 c - 35 curare-tipped needles
 d - 12 large rocks (quivered)
 f - 20 javelins of penetration
 h - 63 tomahawks
 i - 8 tomahawks of dispersal
Armour
 R - a +0 troll leather armour
 W - a +2 hat (worn)
 X - the +0 robe of Valour (worn) {MR+++ SInv Stlth-}
   (You found it on level 5 of the Lair of Beasts)

   It affects your resistance to hostile enchantments.
   It lets you see invisible.
   It makes you less stealthy.
 Y - a +2 cloak (worn)
 Z - a +1 robe of fire resistance
Magical Staves
 w - an uncursed staff of wizardry {!a}
Jewellery
 z - an amulet of rage (around neck)
 A - a +4 ring of strength (left hand)
 B - a +4 ring of protection (right hand)
 C - an uncursed ring of ice
 D - an uncursed ring of protection from fire
 E - an uncursed ring of fire
 F - an uncursed ring of flight
 P - an uncursed ring of poison resistance
 S - an uncursed ring of resist corrosion
Wands
 g - a wand of digging (18)
Scrolls
 j - a scroll of silence {!r}
 k - 8 scrolls of teleportation
 l - a scroll of blinking
 m - 2 scrolls of fog
 n - 2 scrolls of magic mapping
 o - 7 scrolls of remove curse
 p - 7 scrolls of identify
 q - 2 scrolls of enchant armour
Potions
 r - 9 potions of curing
 s - 7 potions of heal wounds
 t - a potion of lignification
 u - a potion of resistance
 v - 4 potions of haste
 x - 3 potions of cancellation
 y - 4 potions of might
 G - a potion of invisibility
Comestibles
 e - 31 rations
 H - 12 chunks of flesh


   Skills:
 * Level 19.7 Fighting
   Level 4.0 Axes
 - Level 14.0 Staves
 * Level 13.0 Throwing
 * Level 12.4 Dodging
 - Level 1.4 Stealth
 - Level 2.4 Spellcasting
   Level 0.8 Conjurations
 - Level 2.6 Air Magic
 * Level 13.0 Invocations


You had 16 spell levels left.
You knew the following spells:

 Your Spells              Type           Power        Failure   Level  Hunger
a - Apportation           Tloc           #.....       21%         1    #......
A - Animate Skeleton      Necr           N/A          21%         1    #......
H - Swiftness             Chrm/Air       #.......     17%         2    ###....

Your spell library contained the following spells:

 Spells                   Type           Power        Failure   Level  Hunger
 Shock                    Conj/Air       #...         10%         1    #......
 Beastly Appendage        Tmut           #.....       21%         1    #......
 Confusing Touch          Hex            #.....       21%         1    #......
 Summon Small Mammal      Summ           #...         21%         1    #......
 Static Discharge         Conj/Air       #.......     28%         3    ###....
 Sticks to Snakes         Tmut           #.......     30%         2    ###....
 Sublimation of Blood     Necr           #.........   30%         2    ###....
 Confuse                  Hex            #.......     52%         3    ###....
 Gell's Gravitas          Tloc           #.........   52%         3    ###....
 Ignite Poison            Fire/Tmut/Pois #.......     52%         3    ###....
 Spider Form              Tmut/Pois      #.........   52%         3    ###....
 Airstrike                Air            ##........   54%         4    #####..
 Ice Form                 Ice/Tmut       #.......     89%         4    #####..
 Leda's Liquefaction      Hex/Erth       #.........   89%         4    #####..
 Petrify                  Tmut/Erth      #.......     89%         4    #####..
 Lightning Bolt           Conj/Air       #.........   95%         5    ######.
 Alistair's Intoxication  Tmut/Pois      #.......     99%         5    ######.
 Blade Hands              Tmut           #.........   99%         5    ######.
 Bolt of Magma            Conj/Fire/Erth #.........   99%         5    ######.
 Fireball                 Conj/Fire      #.........   99%         5    ######.
 Irradiate                Conj/Tmut      #.........   99%         5    ######.
 Metabolic Englaciation   Hex/Ice        #.........   99%         5    ######.
 Yara's Violent Unravell  Hex/Tmut       #.........   99%         5    ######.
 Bolt of Fire             Conj/Fire      #.........   100%        6    #######
 Iron Shot                Conj/Erth      #.........   100%        6    #######
 Statue Form              Tmut/Erth      #........    100%        6    #######
 Ring of Flames           Chrm/Fire      #.........   100%        7    #######
 Ignition                 Fire           #.........   100%        8    #######
 Shatter                  Erth           #.........   100%        9    #######


Dungeon Overview and Level Annotations

Branches:
Dungeon (15/15)            Temple (1/1) D:4            Lair (6/6) D:9
  Swamp (4/4) Lair:4       Spider (0/4) Lair:4        Slime (0/5) Lair:6
    Orc (2/2) D:10            Elf (1/3) Orc:2        Vaults (0/5) D:14
 Depths (0/5) D:15

Altars:
Ashenzari
Elyvilon
Gozag
Kikubaaqudgha
Makhleb
Qazlal
Sif Muna
Zin
The Shining One
Beogh
Jiyva

Shops:
D:4 *   D:9 !   Orc:1 ?   Orc:2 ([=*

Annotations:
Lair:6 1 exclusion


Innate Abilities, Weirdness & Mutations

You are too large for most types of armour.
You have tough skin. (AC +1)


Message History

The deep elf archer shoots an arrow.
The arrow hits you!
* * * LOW HITPOINT WARNING * * *
There is an open door, spattered with blood here.
Things that are here:
an arrow; a long sword; a leather armour
Okay, then.
You miss the deep elf archer.
The deep elf archer is almost dead.
The deep elf archer blinks!
As you read the scroll of teleportation, it crumbles to dust.
You feel strangely unstable.
As you read the scroll of fog, it crumbles to dust.
The scroll dissolves into smoke.
Your surroundings suddenly seem different.
A deep elf archer comes into view. It is wielding a short sword.
The deep elf archer shouts!
A deep elf demonologist comes into view.
It is wielding a rapier.
The deep elf demonologist shouts!
A deep elf archer comes into view. It is wielding a short sword.
The deep elf archer shouts!
A deep elf archer comes into view. It is wielding a short sword.
The deep elf archer shouts!
You hear a shout!
A deep elf mage comes into view. It is wielding a long sword.
The deep elf archer hits you with an uncursed short sword!
* * * LOW HITPOINT WARNING * * *
The deep elf demonologist gestures wildly while chanting.
A deep elf mage comes into view. It is wielding a dagger.
Unknown command.
As you read the scroll of teleportation, it crumbles to dust.
You feel strangely unstable.
A halberd of venom comes into view.
The deep elf archer hits you with an uncursed short sword.
* * * LOW HITPOINT WARNING * * *
The deep elf demonologist gestures wildly while chanting.
The deep elf archer hits you with an uncursed short sword.
* * * LOW HITPOINT WARNING * * *
The deep elf archer unwields an uncursed short sword.
The deep elf archer wields an uncursed shortbow.
The deep elf archer shoots an arrow.
The arrow hits you!
You die...

#######
...2.
.e.1
#ee#
#.e#
#@.#
#e.#
...#
.#...
#......
#
.#####
. .(


You could see a hell beast, an Executioner, a deep elf demonologist, 3 deep elf
archers, a deep elf mage and a halberd of venom.

Vanquished Creatures
  Rupert (D:14)
  3 thorn hunters
  A deep elf sorcerer (Elf:1)
  A juggernaut zombie (D:15)
  A minotaur (Lab)
  8 vault guards
  A rakshasa (D:14)
  26 hydras
  Harold (D:7)
  3 ghost crabs
  A merfolk avatar (Lair:6)
  4 centaur warriors
  20 alligators
  4 two-headed ogres
  2 ogre magi (D:15)
  A tengu warrior (D:13)
  4 orc high priests (Orc:2)
  5 death yaks
  2 spriggans (Swamp:1)
  Sonja (D:11)
  A deep elf knight (Elf:1)
  6 skeletal warriors
  A sea snake (Lair:6)
  3 spriggan druids
  2 shambling mangroves
  3 unseen horrors
  9 swamp dragons
  A flayed ghost (D:15)
  2 orc knights
  A deep elf archer (Elf:1)
  A tengu zombie (D:15)
  A necromancer (D:15)
  2 harpies (Lair:6)
  3 deep elf magi (Elf:1)
  A tengu skeleton (D:15)
  3 orc sorcerers
  3 manticores
  6 ugly things
  An oklob plant (Lair:5)
  A cyclops (D:14)
  5 black mambas
  3 centaur zombies
  A black mamba (shapeshifter) (D:15)
  Psyche (D:8)
  2 elephants (Lair:6)
  2 gargoyles (D:15)
  7 rime drakes
  15 spiny frogs
  A kobold demonologist (D:15)
  11 komodo dragons
  3 tengu conjurers (D:13)
  8 trolls
  3 jumping spiders (Lair:4)
  8 dream sheep
  3 polar bears
  A wind drake (shapeshifter) (D:15)
  7 hornets
  21 slime creatures
  8 bog bodies
  15 blink frogs
  10 tyrant leeches
  6 hippogriffs
  A deep troll skeleton (D:15)
  24 yaks
  2 shadows
  6 wyverns
  2 wraiths
  2 vampires
  A basilisk (Lair:5)
  19 vampire mosquitoes
  A warg (D:10)
  Grum (D:9)
  15 insubstantial wisps
  17 swamp worms
  13 water moccasins
  A soldier ant (D:13)
  7 porcupines
  A phantom (D:7)
  11 sky beasts
  4 swamp drakes (Swamp:4)
  7 necrophages (Lair:2)
  14 orc warriors
  3 black bears
  An eye of draining (D:11)
  5 wolves
  18 ogres
  22 centaurs
  10 crocodiles
  6 big kobolds
  11 bullfrogs
  2 gnoll sergeants
  A wyvern skeleton (D:12)
  A water moccasin skeleton (D:7)
  5 scorpions
  4 killer bees (D:7)
  14 howler monkeys
  9 wights
  2 electric eels (Lair:4)
  8 crimson imps
  A bullfrog zombie (D:12)
  A jelly (D:6)
  3 quasits
  A gnoll shaman (D:6)
  4 hounds
  23 orc wizards
  22 orc priests
  Crazy Yiuf (D:5)
  2 bullfrog skeletons
  3 centaur skeletons
  5 iguanas
  13 worker ants
  A killer bee zombie (D:9)
  A hound skeleton (D:11)
  A worker ant zombie (D:5)
  A howler monkey skeleton (D:5)
  13 gnolls
  11 adders
  7 shadow imps
  2 oozes
  2 adder zombies
  2 adder skeletons
  2 worms (D:2)
  5 leopard geckos
  62 orcs
  A ball python (D:3)
  6 giant cockroaches
  5 goblins
  18 hobgoblins
  2 jackals (D:3)
  16 kobolds
  5 quokkas
  9 bats
  6 frilled lizards
  A leopard gecko skeleton (D:7)
  A leopard gecko zombie (D:7)
  3 quokka skeletons
  9 rats
  A bush (D:14)
  2 fungi (D:5)
827 creatures vanquished.

Vanquished Creatures (collateral kills)
  A hydra (Lair:6)
  A hornet (Lair:6)
2 creatures vanquished.

Vanquished Creatures (others)
  10 bushes
  22 fungi (Lair:6)
  10 plants
  3 withered plants (D:15)
45 creatures vanquished.

Grand Total: 874 creatures vanquished

Notes
Turn   | Place    | Note
-------+----------+-------------------------------------------
     0 | D:1      | glosham the Ogre Air Elementalist began the quest for the Orb.
     0 | D:1      | Reached XP level 1. HP: 16/16 MP: 3/3
    47 | D:1      | Reached skill level 1 in Fighting
   221 | D:1      | Reached skill level 2 in Fighting
   319 | D:1      | Reached XP level 2. HP: 28/28 MP: 3/5
   675 | D:1      | Reached skill level 3 in Fighting
   699 | D:1      | Learned a level 2 spell: Swiftness
   894 | D:1      | Reached XP level 3. HP: 37/37 MP: 4/6
  1050 | D:1      | Reached skill level 1 in Axes
  1458 | D:2      | Reached skill level 2 in Axes
  1458 | D:2      | Reached XP level 4. HP: 38/48 MP: 5/7
  1467 | D:2      | Reached skill level 4 in Fighting
  1828 | D:2      | Reached XP level 5. HP: 55/55 MP: 1/8
  1977 | D:3      | Reached skill level 5 in Fighting
  2737 | D:4      | Reached skill level 6 in Fighting
  3078 | D:4      | Reached XP level 6. HP: 52/68 MP: 0/9
  3473 | D:4      | Found Genoge's Assorted Antiques.
  3476 | D:4      | Bought a runed robe for 81 gold pieces
  3531 | D:4      | Found a staircase to the Ecumenical Temple.
  3536 | Temple   | Entered the Ecumenical Temple
  3561 | Temple   | Became a worshipper of Makhleb the Destroyer
  3662 | D:4      | Reached skill level 3 in Axes
  3893 | D:5      | Entered Level 5 of the Dungeon
  4001 | D:5      | Noticed a sky beast
  4038 | D:5      | Killed a sky beast
  4038 | D:5      | Reached skill level 7 in Fighting
  4038 | D:5      | Reached skill level 4 in Axes
  4038 | D:5      | Reached XP level 7. HP: 52/78 MP: 10/10
  4429 | D:5      | Found a shattered altar of Ashenzari.
  4447 | D:5      | Reached skill level 8 in Fighting
  4756 | D:5      | Found a runed door.
  4760 | D:5      | Noticed Crazy Yiuf
  4771 | D:5      | Killed Crazy Yiuf
  5367 | D:5      | Reached skill level 9 in Fighting
  5429 | D:5      | Identified a scroll of acquirement
  5538 | D:6      | Reached skill level 1 in Staves
  5545 | D:6      | Reached skill level 2 in Staves
  5567 | D:6      | Reached skill level 3 in Staves
  5567 | D:6      | Reached XP level 8. HP: 58/92 MP: 11/11
  5999 | D:6      | Reached skill level 4 in Staves
  6043 | D:6      | Noticed a six-headed hydra
  6069 | D:6      | Killed a one-headed hydra
  6069 | D:6      | Reached skill level 7 in Staves
  6069 | D:6      | Reached XP level 9. HP: 98/98 MP: 12/12
  6085 | D:6      | Reached skill level 8 in Staves
  6091 | D:6      | Reached * piety under Makhleb
  6331 | D:6      | Found an opulent altar of Gozag.
  6721 | D:6      | Reached skill level 9 in Staves
  6983 | D:4      | Bought 2 ruby potions for 39 gold pieces
  6983 | D:4      | Bought 2 sedimented pink potions for 39 gold pieces
  7138 | D:7      | Reached skill level 10 in Fighting
  7300 | D:4      | Bought a dented malachite amulet for 110 gold pieces
  7628 | D:7      | Reached skill level 10 in Staves
  7736 | D:7      | Reached XP level 10. HP: 111/111 MP: 13/13
  7739 | D:7      | Reached ** piety under Makhleb
  7773 | D:7      | Noticed Harold
  7787 | D:7      | Killed Harold
  7884 | D:7      | Reached skill level 11 in Fighting
  7914 | D:7      | Reached skill level 11 in Staves
  8012 | D:7      | Upgraded the game from 0.22.0-21-g8bd1b0a to 0.22.0-25-g7663229
  8607 | D:8      | Noticed Psyche
  8622 | D:8      | Killed Psyche
  8807 | D:8      | Reached *** piety under Makhleb
  8844 | D:8      | Reached skill level 12 in Staves
  8872 | D:8      | Reached skill level 12 in Fighting
  8882 | D:8      | Noticed a two-headed hydra
  8889 | D:8      | Killed a one-headed hydra
  8889 | D:8      | Reached XP level 11. HP: 123/123 MP: 14/14
  9051 | D:8      | Noticed a two-headed ogre
  9071 | D:8      | Killed a two-headed ogre
  9454 | D:9      | Learned a level 1 spell: Apportation
  9456 | D:9      | Learned a level 1 spell: Animate Skeleton
  9514 | D:9      | Found a staircase to the Lair.
  9550 | D:9      | Found Zetiopt's Distillery.
  9736 | D:9      | Found a glowing golden altar of the Shining One.
  9904 | D:4      | Bought a short copper wand for 88 gold pieces
 10105 | D:10     | Entered Level 10 of the Dungeon
 10120 | D:10     | Noticed Grum
 10131 | D:9      | Reached skill level 13 in Staves
 10187 | D:9      | Killed Grum
 10345 | D:10     | Found a staircase to the Orcish Mines.
 10583 | D:10     | Reached **** piety under Makhleb
 10703 | D:10     | Reached skill level 13 in Fighting
 10940 | Orc:1    | Entered Level 1 of the Orcish Mines
 11329 | Orc:1    | Found Silimiu's Magic Scroll Shop.
 11334 | Orc:1    | Bought a scroll of enchant weapon for 82 gold pieces
 11334 | Orc:1    | Bought a scroll of enchant weapon for 82 gold pieces
 11354 | Orc:1    | Noticed an orc sorcerer
 11365 | Orc:1    | Killed an orc sorcerer
 11678 | Orc:1    | Noticed an orc knight
 11710 | Orc:1    | Killed an orc knight
 12266 | D:11     | Noticed Sonja
 12273 | D:11     | Killed Sonja
 12273 | D:11     | Reached skill level 14 in Staves
 12452 | D:11     | Reached skill level 2 in Dodging
 12550 | D:11     | Reached XP level 12. HP: 137/137 MP: 15/15
 12688 | D:11     | Reached ***** piety under Makhleb
 12688 | D:11     | Reached skill level 3 in Dodging
 12728 | D:11     | Reached skill level 14 in Fighting
 12868 | D:11     | Reached skill level 4 in Dodging
 13201 | Orc:1    | Bought a scroll of holy word for 82 gold pieces
 13201 | Orc:1    | Bought a scroll of silence for 82 gold pieces
 13201 | Orc:1    | Bought a scroll of identify for 22 gold pieces
 13201 | Orc:1    | Bought a scroll of identify for 22 gold pieces
 13201 | Orc:1    | Bought a scroll of identify for 22 gold pieces
 13201 | Orc:1    | Bought a scroll of identify for 22 gold pieces
 13201 | Orc:1    | Bought a scroll of identify for 22 gold pieces
 13201 | Orc:1    | Bought a scroll of identify for 22 gold pieces
 13283 | D:9      | Bought a potion of flight for 51 gold pieces
 13283 | D:9      | Bought a potion of might for 68 gold pieces
 13283 | D:9      | Bought a potion of invisibility for 136 gold pieces
 13295 | Lair:1   | Entered Level 1 of the Lair of Beasts
 13524 | Lair:1   | Reached skill level 5 in Dodging
 13524 | Lair:1   | Reached skill level 1 in Invocations
 14017 | Lair:2   | Reached skill level 2 in Invocations
 14121 | Lair:2   | Noticed an eight-headed hydra
 14131 | Lair:2   | Killed a three-headed hydra
 14131 | Lair:2   | Reached skill level 6 in Dodging
 14467 | Lair:2   | Reached skill level 3 in Invocations
 14958 | Lair:3   | Noticed a six-headed hydra
 14986 | Lair:3   | Killed a one-headed hydra
 14986 | Lair:3   | Reached skill level 4 in Invocations
 15374 | Lair:3   | Reached skill level 15 in Fighting
 15374 | Lair:3   | Reached skill level 7 in Dodging
 15755 | Lair:4   | Reached skill level 8 in Dodging
 15755 | Lair:4   | Reached skill level 6 in Invocations
 15755 | Lair:4   | Reached XP level 13. HP: 151/151 MP: 15/17
 16173 | Lair:4   | Reached XP level 14. HP: 76/160 MP: 18/18
 16521 | Lair:4   | Found a hole to the Spider Nest.
 16830 | Lair:4   | Found a staircase to the Swamp.
 17035 | Lair:4   | Reached skill level 16 in Fighting
 17113 | Lair:5   | Reached skill level 7 in Invocations
 17117 | Lair:5   | Found a labyrinth entrance.
 17126 | Lab      | Entered a labyrinth
 18035 | Lair:5   | Identified the +0 robe of Valour {MR+++ SInv Stlth-} (You found it on level 5 of the Lair of Beasts)
 18366 | Lair:6   | Entered Level 6 of the Lair of Beasts
 18516 | Lair:5   | Reached skill level 9 in Dodging
 18667 | Lair:5   | Reached skill level 8 in Invocations
 19435 | Lair:6   | Reached skill level 17 in Fighting
 19435 | Lair:6   | Reached skill level 9 in Invocations
 19952 | Lair:5   | Reached skill level 10 in Dodging
 20239 | Lair:6   | Reached ****** piety under Makhleb
 20528 | Lair:6   | Found a viscous altar of Jiyva.
 20528 | Lair:6   | Found a staircase to the Slime Pits.
 20597 | Lair:6   | Reached skill level 10 in Invocations
 20597 | Lair:6   | Reached XP level 15. HP: 173/173 MP: 22/22
 21131 | Orc:2    | Entered Level 2 of the Orcish Mines
 21843 | Orc:2    | Found a staircase to the Elven Halls.
 22318 | Orc:2    | Reached skill level 18 in Fighting
 22529 | Orc:2    | Found a roughly hewn altar of Beogh.
 22701 | Orc:2    | Found Yzih's General Store.
 22701 | Orc:2    | Found Conn's Armour Shoppe.
 22702 | Orc:2    | Found Qifoc's Weapon Shoppe.
 22705 | Orc:2    | Found Edeistido's Jewellery Emporium.
 22749 | Orc:2    | Bought an uncursed ring of flight for 280 gold pieces
 22749 | Orc:2    | Bought an uncursed ring of poison resistance for 320 gold pieces
 23616 | D:13     | Reached skill level 11 in Dodging
 23616 | D:13     | Reached skill level 11 in Invocations
 24942 | D:14     | Found a gate to the Vaults.
 25677 | D:14     | Noticed Rupert
 25692 | D:14     | Killed Rupert
 25692 | D:14     | Reached skill level 19 in Fighting
 25692 | D:14     | Reached skill level 12 in Invocations
 25871 | D:14     | Reached XP level 16. HP: 188/188 MP: 25/25
 26038 | D:15     | Entered Level 15 of the Dungeon
 26466 | D:15     | Reached skill level 12 in Dodging
 27183 | D:15     | Found a staircase to the Depths.
 28016 | Swamp:1  | Entered Level 1 of the Swamp
 28085 | Swamp:1  | Reached skill level 1 in Throwing
 28151 | Swamp:1  | Reached skill level 2 in Throwing
 28479 | Swamp:1  | Reached skill level 3 in Throwing
 28591 | Swamp:1  | Reached skill level 4 in Throwing
 29047 | Swamp:1  | Reached skill level 5 in Throwing
 29505 | Swamp:2  | Reached skill level 6 in Throwing
 29819 | Swamp:2  | Reached skill level 7 in Throwing
 30167 | Swamp:2  | Reached skill level 8 in Throwing
 31272 | Swamp:3  | Reached XP level 17. HP: 197/197 MP: 26/26
 31298 | Swamp:3  | Reached skill level 9 in Throwing
 31824 | Swamp:3  | Reached skill level 10 in Throwing
 32140 | Swamp:4  | Entered Level 4 of the Swamp
 32654 | Swamp:4  | Reached skill level 11 in Throwing
 33673 | Swamp:4  | Reached skill level 12 in Throwing
 34492 | Swamp:4  | Got a decaying rune of Zot
 34523 | Swamp:4  | Reached skill level 13 in Throwing
 35015 | D:4      | Bought 3 scrolls of enchant armour for 495 gold pieces
 35172 | Elf:1    | Entered Level 1 of the Elven Halls
 35232 | Elf:1    | Reached skill level 13 in Invocations
 35354 | Elf:1    | Noticed an Executioner
 35354 | Elf:1    | HP: 18/199 [deep elf archer/uncursed short sword (5)]
 35354 | Elf:1    | Shot with an arrow by a deep elf archer

Skill      XL: |  1  2  3  4  5  6  7  8  9 10 11 12 13 14 15 16 17 |
---------------+----------------------------------------------------+-----
Fighting       | 2 3 4 6 7 9 10 12 13 15 17 19 | 19.7
Axes           | 2 4 |  4.0
Staves         | 3 7 10 12 14 | 14.0
Dodging        | 2 8 10 11 12 | 12.4
Invocations    | 6 10 12 13 | 13.0
Throwing       | 8 13 | 13.0
Stealth        | |  1.4
Spellcasting   | |  2.4
Conjurations   | |  0.8
Air Magic      | |  2.6

Action                   |  1- 3 |  4- 6 |  7- 9 | 10-12 | 13-15 | 16-18 || total
-------------------------+-------+-------+-------+-------+-------+-------++-------
Melee: Short sword       |     6 |       |       |       |       |       ||     6
       Hand axe          |    12 |    54 |   106 |    19 |    30 |    73 ||   294
       Lajatang          |       |       |   174 |   668 |   929 |   861 ||  2632
 Fire: Shortbow          |       |       |     3 |       |       |       ||     3
       Arbalest          |       |       |       |    13 |     2 |       ||    15
Throw: Stone             |     4 |       |     4 |       |       |       ||     8
       Tomahawk          |       |       |     3 |    28 |    15 |     1 ||    47
       Throwing net      |       |       |       |     3 |     1 |       ||     4
       Large rock        |       |       |       |       |       |    18 ||    18
 Cast: Shock             |    59 |    92 |    18 |       |       |       ||   169
       Apportation       |       |       |       |       |     9 |    32 ||    41
Invok: Minor Destruction |       |       |       |     3 |       |       ||     3
       Lesser Servant of |       |       |       |       |     6 |     1 ||     7
       Greater Servant o |       |       |       |       |       |     1 ||     1
 Abil: Evoke Berserk Rag |       |       |       |     1 |    12 |    18 ||    31
       Evoke Flight      |       |       |       |       |       |     2 ||     2
Evoke: Wand              |       |       |     6 |     1 |     2 |     8 ||    17
       Lamp of fire      |       |       |       |     1 |       |       ||     1
       Sack of spiders   |       |       |       |       |     6 |       ||     6
  Use: Scroll            |       |       |    20 |    12 |     7 |    13 ||    52
       Potion            |       |       |     5 |     4 |     1 |     1 ||    11
 Stab: Sleeping          |     2 |       |     1 |     4 |     1 |       ||     8
       Distracted        |     1 |       |       |     1 |       |       ||     2
       Held in net/web   |       |       |       |     2 |       |       ||     2
       Paralysed         |       |       |       |     2 |       |    12 ||    14
       Invisible         |       |       |       |       |     3 |       ||     3
       Confused          |       |       |       |       |     3 |       ||     3
  Eat: Chunk             |     2 |     8 |    13 |    24 |    30 |    10 ||    87
       Ration            |       |       |       |     2 |     4 |    11 ||    17
Armor: Robe              |     8 |    13 |    31 |   124 |   144 |    61 ||   381
       Skin              |       |       |    51 |     3 |       |     3 ||    57
       Swamp dragon scal |       |       |       |       |       |   210 ||   210
Dodge: Dodged            |    12 |    35 |    85 |   183 |   345 |   430 ||  1090
Block: Other             |       |     6 |    21 |       |       |       ||    27

Table legend:
 A = Turns spent in this place as a percentage of turns spent in the entire game.
 B = Non-inter-level travel turns spent in this place as a percentage of non-inter-level travel turns spent in the entire game.
 C = Inter-level travel turns spent in this place as a percentage of turns spent in this place.
 D = Turns resting spent in this place as a percentage of non-inter-level travel turns spent in this place.
 E = Turns spent auto-exploring this place as a percentage of non-inter-level travel turns spent in this place.
 F = Non-inter-level travel turns spent in this place divided by the number of levels of this place that you've seen.
                   A       B       C       D       E      F
               +-------+-------+-------+-------+-------+----------------------
         Total | 100.0 | 100.0 |  10.4 |  28.5 |   1.6 | 1055.6
       Dungeon |  50.7 |  49.1 |  13.3 |  22.9 |   1.3 | 1036.5
        Temple |   0.1 |   0.1 |  47.1 |   0.0 |   0.0 |  27.0
          Lair |  20.9 |  21.5 |   7.7 |  32.5 |   1.3 | 1135.0
         Swamp |  18.4 |  19.2 |   6.5 |  38.5 |   3.5 | 1522.8
  Orcish Mines |   7.7 |   7.7 |  10.6 |  32.3 |   0.2 | 1214.0
   Elven Halls |   0.5 |   0.6 |   0.5 |  33.7 |   0.0 | 181.0
     Labyrinth |   1.6 |   1.8 |   0.0 |  11.3 |   0.0 | 582.0
               +-------+-------+-------+-------+-------+----------------------

Table legend:
 A = Kills in this place as a percentage of kills in entire the game.
 B = Kills by you in this place as a percentage of kills by you in the entire game.
 C = Kills by friends in this place as a percentage of kills by friends in the entire game.
 D = Other kills in this place as a percentage of other kills in the entire game.
 E = Experience gained in this place as a percentage of experience gained in the entire game.
 F = Experience gained in this place divided by the number of levels of this place that you have seen.
                   A       B       C       D       E      F
               +-------+-------+-------+-------+-------+----------------------
         Total | 100.0 | 100.0 | 100.0 |   N/A | 100.0 | 6962.3
       Dungeon |  51.6 |  51.7 |   0.0 |   N/A |  34.6 | 4821.7
          Lair |  17.8 |  17.6 | 100.0 |   N/A |  21.7 | 7558.8
         Swamp |  18.4 |  18.4 |   0.0 |   N/A |  36.0 | 18804.2
  Orcish Mines |  11.4 |  11.4 |   0.0 |   N/A |   4.8 | 5034.5
   Elven Halls |   0.7 |   0.7 |   0.0 |   N/A |   2.3 | 4777.0
     Labyrinth |   0.1 |   0.1 |   0.0 |   N/A |   0.5 | 1127.0
               +-------+-------+-------+-------+-------+----------------------

Vault maps used:
D:1:      dpeg_arrival_prison
D:2:      nrook_uturn, hangedman_decor_peaks_small
D:4:      temple_doors_e, first_ration, serial_shops, shop
D:5:      cheibrodos_ashenzari_chains, water_boxes_lemuel,
          uniq_crazy_yiuf_cottage
D:6:      cheibrodos_fzero, minmay_misc_feat_diagonals,
          kennysheep_cross_bottleneck, eino_tiny_chamber, grunt_gozag_statues
D:7:      minmay_joined_circles, uniq_harold
D:8:      hangedman_ranch, uniq_psyche
D:9:      lair_entry_dummy, basic_altar, serial_shops, nicolae_shop_behind_doors
D:10:     orc_0_dummy, uniq_grum
D:11:     uniq_sonja
D:12:     serial_glass, glass_columns_b, glass_columns_a
D:14:     erik_vaults_2, minmay_hedge_maze, kennysheep_generic_room_15,
          uniq_rupert
D:15:     gammafunk_depths_entry_grave, serial_park_tiny_1,
          hangedman_abyss_or_decor_lesser_grid
Temple:   minmay_crystal_snake_temple
Lair:1:   infiniplex_staircase_pool_2, lemuel_fruit_fields, serial_bayou_shore_a
Lair:2:   cheibrodos_lair_river_kwai, roderic_carrion_pond
Lair:3:   serial_bayou_shore_b, serial_bayou_shore_b
Lair:4:   nicolae_swamp_entry_splash_gauntlet, spider_nest_entry_funnel_web,
          infiniplex_staircase_pool
Lair:5:   lab_entry_generic, serial_bayou_shore_b, grunt_megastairs_3
Lair:6:   gammafunk_lair_ancient_temple, dpeg_slime_entry_enclosed_altar
Swamp:1:  hangedman_swamp_ruin_wall
Swamp:2:  nicolae_swamp_very_dense_foliage, swamp_pool3
Swamp:3:  serial_swamp_ruin, evilmike_swamp_ruin_house_5,
          evilmike_swamp_ruin_rubble_2, evilmike_swamp_ruin_house_2,
          swamp_pool3, nicolae_swamp_alligator_family
Swamp:4:  swamp_alternative, swamp_pool1
Orc:1:    cheibrodos_orc_bank, serial_shops, nicolae_shop_trees
Orc:2:    st_orc_mages, nicolae_orc_lost_temple
Elf:1:    serial_shops, nicolae_shop_trees, minmay_elf_annihilation
Lab:      nicolae_lab_dead_adventurers
